 Dungeon Crawl Stone Soup version 0.27-a0-1256-gced786f65e (webtiles) character file.

Game seed: 14952674601513383094

39 mordus the Ruffian (level 3, -2/36 HPs)
             Began as a Troll Monk on June 10, 2021.
             Slain by an adder (4 damage)
             ... on level 2 of the Dungeon.
             The game lasted 00:02:07 (881 turns).

mordus the Ruffian (Troll Monk)                      Turns: 881, Time: 00:02:07

Health: -2/36      AC:  4    Str: 20    XL:     3   Next: 28%
Magic:  2/2        EV: 10    Int:  6    God:
Gold:   65         SH:  0    Dex: 12    Spells: 2/2 levels left

rFire    . . .     SeeInvis .     - Unarmed
rCold    . . .     Faith    .   (no shield)
rNeg     . . .     Spirit   .   a - +0 robe
rPois    .         Reflect  .   (helmet restricted)
rElec    .         Harm     .   (no cloak)
rCorr    .         Rampage  .   (gloves unavailable)
Will     .....                  (boots unavailable)
Stlth    ++........             (no amulet)
HPRegen  1.12/turn              (no ring)
MPRegen  0.08/turn              (no ring)

@: no status effects
A: large, unfitting armour, claws 3, regeneration 1, shaggy fur 1, tough skin 1
a: no special abilities


You were on level 2 of the Dungeon.
You visited 1 branch of the dungeon, and saw 2 of its levels.

You collected 65 gold pieces.

Inventory:

Hand Weapons
 c - a +0 club
Armour
 a - a +0 robe (worn)
Scrolls
 b - a scroll of identify {unknown}
 d - a scroll of noise {unknown}
 g - a scroll of vulnerability {unknown}
 h - a scroll of teleportation {unknown}
 i - a scroll of brand weapon {unknown}
Potions
 e - a potion of resistance {unknown}
 f - a potion of lignification {unknown}


   Skills:
 + Level 2.8 Fighting
 + Level 0.7 Maces & Flails
 - Level 2.4 Dodging
 - Level 1.0 Stealth
 * Level 3.9 Unarmed Combat


You had 2 spell levels left.
You didn't know any spells.
Your spell library was empty.

Dungeon Overview and Level Annotations

Branches:
Dungeon (2/15)

Altars:


Innate Abilities, Weirdness & Mutations

You are too large for most types of armour.
You have claws for hands.
Your natural rate of healing is unusually fast.
You are covered in fur. (AC +1)
You have tough skin. (AC +1)


Message History

The adder is severely wounded.
You feel sick. The adder bites you but does no damage. The quokka bites you.
The kobold hits you but does no damage.
You are more poisoned.
The adder barely misses you.
There are monsters nearby!
You closely miss the adder.
The adder is severely wounded.
You feel very sick.
The quokka bites you but does no damage.
The kobold hits you but does no damage.
You are more poisoned.
The adder bites you.
You feel very sick.
You feel very sick. The adder bites you.
You are more poisoned.
The adder poisons you! The quokka bites you.
* * * LOW HITPOINT WARNING * * *
You feel very sick. The adder bites you but does no damage.
You feel very sick.
There is an escape hatch in the ceiling here.
You feel very sick.
You feel sick.
You feel sick. The quokka closely misses you. The adder bites you.
* * * LOW HITPOINT WARNING * * *
The quokka bites you but does no damage.
* * * LOW HITPOINT WARNING * * *
You feel sick.
You feel sick.
You feel sick. The adder barely misses you.
You feel sick.
You feel sick. The quokka barely misses you.
You claw the quokka!
You kill the quokka!
You feel sick.
You are no longer poisoned.
The adder bites you.
You die...

### #############.#
..............#############
##.####.........@SK........####
.#...............#..............
.................#..............
.................#..............
..............##.#..............
....###.............#####.......
................................
..(.................<...........
...........###..............###


You could see an adder and a kobold.

Vanquished Creatures
  2 dart slugs (D:1)
  2 endoplasms (D:1)
  3 giant cockroaches (D:1)
  4 goblins (D:1)
  A hobgoblin (D:2)
  6 jackals (D:1)
  3 quokkas
  A ball python (D:1)
  2 bats (D:1)
  3 frilled lizards (D:1)
  A kobold (D:1)
  6 rats (D:1)
34 creatures vanquished.

Vanquished Creatures (others)
  An endoplasm (D:1)
  A goblin (D:1)
  2 jackals (D:1)
4 creatures vanquished.

Grand Total: 38 creatures vanquished

Notes
Turn   | Place    | Note
-------+----------+-------------------------------------------
     0 | D:1      | mordus the Troll Monk began the quest for the Orb.
     0 | D:1      | Reached XP level 1. HP: 22/22 MP: 0/0
    48 | D:1      | Found a faded altar of an unknown god.
   201 | D:1      | Reached XP level 2. HP: 23/29 MP: 1/1
   438 | D:1      | Reached XP level 3. HP: 36/36 MP: 2/2
   876 | D:2      | HP: 1/36 [poisoned by an adder]
   881 | D:2      | Slain by an adder

Illustrated notes

Levels and vault maps discovered:
D:1:      tarquinn_simple_flora_water_c, layout_basic,
          chequers_ecumenical_altar_island, st_stairs_10, minivault_19,
          lemuel_flame_loot_1
D:2:      layout_basic, uniq_terence

Action                   || total
-------------------------++-------
Melee: Unarmed           ||    83
Armor: Robe              ||    42
Dodge: Dodged            ||    54

Table legend: (Time is in decaauts)
 A = Elapsed time spent in this place.
 B = Non-inter-level travel time spent in this place.
 C = Inter-level travel time spent in this place.
 D = Time resting spent in this place.
 E = Time spent auto-exploring this place.
 F = Levels seen in this place.
 G = Mean time per level.
                   A        B        C        D        E       F      G
               +--------+--------+--------+--------+--------+-----+--------+
         Total |    879 |    851 |     28 |      0 |    668 |   2 |  439.5 |
       Dungeon |    879 |    851 |     28 |      0 |    668 |   2 |  439.5 |
               +--------+--------+--------+--------+--------+-----+--------+

Top non-repeatable levels by time:
     D:1: 815 daAuts
     D:2: 64 daAuts
